 Dungeon Crawl Stone Soup version 0.29.1-12-g30fa7ad0bf (webtiles) character file.

Game seed: 12413345538516860932

77 KittyFluff the Trooper (level 4, 0/29 HPs)
             Began as a Gargoyle Berserker on Jan 12, 2023.
             Was a Believer of Trog.
             Slain by an iguana (10 damage)
             ... on level 3 of the Dungeon.
             The game lasted 00:06:08 (1659 turns).

KittyFluff the Trooper (Gargoyle Berserker)         Turns: 1659, Time: 00:06:09

Health: 0/29       AC:  8    Str: 20    XL:     4   Next: 34%
Magic:  0/4        EV: 12    Int:  8    God:    Trog [**....]
Gold:   126        SH:  0    Dex: 11    Spells: 3/3 levels left

rFire   . . .      SeeInvis .   a - +0 mace
rCold   . . .      Faith    .   (no shield)
rNeg    + . .      Spirit   +   b - +0 animal skin
rPois   ∞          Reflect  .   (no helmet)
rElec   +          Harm     .   l - +0 cloak
rCorr   .          Rampage  .   m - +0 pair of gloves
Will    .....                   (no boots)
Stlth   +.........              c - amulet of guardian spirit
HPRegen 0.09/turn               (no ring)
MPRegen 0.09/turn               (no ring)

@: no status effects
A: sickness immunity, AC +3, negative energy resistance 1, electricity
resistance, torment resistance 1, petrification resistance
a: Renounce Religion, Berserk, Trog's Hand


You were on level 3 of the Dungeon.
You worshipped Trog.
Trog was pleased with you.
You visited 1 branch of the dungeon, and saw 3 of its levels.

You collected 126 gold pieces.

Inventory:

Hand Weapons
 a - a +0 mace (weapon)
 j - a +0 sling
Missiles
 d - 24 stones (quivered)
 e - 3 boomerangs
Armour
 b - a +0 animal skin (worn)
 l - a +0 cloak (worn)
 m - a +0 pair of gloves (worn)
Jewellery
 c - an amulet of guardian spirit (around neck)
Scrolls
 i - 2 scrolls of teleportation
 k - 2 scrolls of identify {unknown}
Potions
 f - a potion of brilliance {unknown}
 g - a potion of heal wounds {unknown}
 h - 3 potions of curing {unknown}


   Skills:
 + Level 3.8 Fighting
 + Level 3.4 Maces & Flails
 * Level 3.4 Armour
 + Level 2.2 Dodging


You had 3 spell levels left.
You didn't know any spells.
Your spell library was empty.

Dungeon Overview and Level Annotations

Branches:
Dungeon (3/15)

Altars:


Innate Abilities, Weirdness & Mutations

You are immune to sickness and miasma.
Your stone body is resilient. (AC +3)
You are immune to poison.
You resist negative energy. (rN+)
You are resistant to electric shocks. (rElec)
You are resistant to unholy torment.
You are immune to petrification.


Message History

You thump the frilled lizard!
You kill the frilled lizard!
Trog accepts your kill. The iguana attacks as you move away!
The iguana bites you but does no damage.
You see here a frilled lizard corpse.
You barely miss the iguana. The iguana barely misses you.
The iguana closely misses you.
You hit the iguana.
The iguana is moderately wounded.
The iguana bites you.
You hit the iguana but do no damage.
The iguana is moderately wounded.
The iguana closely misses you.
You hit the iguana.
The iguana is heavily wounded.
The iguana completely misses you.
You hit the iguana but do no damage.
The iguana is heavily wounded.
The iguana misses you. The iguana bites you!
You hit the iguana but do no damage.
The iguana is heavily wounded.
The iguana barely misses you.
You closely miss the iguana.
The iguana is heavily wounded.
The iguana bites you.
You hit the iguana.
The iguana is heavily wounded.
The iguana bites you.
You hit the iguana but do no damage.
The iguana is heavily wounded.
The iguana bites you but does no damage.
You hit the iguana but do no damage.
The iguana is heavily wounded.
The iguana misses you.
The iguana bites you but does no damage.
You hit the iguana.
The iguana is heavily wounded.
The iguana bites you!
You die...

#..........# .....[.
#..........# .......
#..........##.......
###..................
#....................
#......#####....######
#......# #..........
######## #.l........
#.@......[.
#...#......
#...#......
#...#...... #####
..... .....


You could see an iguana.

Vanquished Creatures
  Jessica (D:2)
  A worm (D:2)
  6 endoplasms (D:1)
  2 giant cockroaches
  6 goblins
  6 hobgoblins
  A kobold (D:2)
  2 quokkas (D:2)
  4 ball pythons (D:2)
  5 bats
  8 frilled lizards
  3 rats
45 creatures vanquished.

Notes
Turn   | Place    | Note
-------+----------+-------------------------------------------
     0 | D:1      | KittyFluff the Gargoyle Berserker began the quest for the
                  | Orb.
     0 | D:1      | Reached XP level 1. HP: 14/14 MP: 1/1
     6 | D:1      | Noticed a yaktaur captain
     6 | D:1      | Noticed a hell rat
     6 | D:1      | Noticed a servant of whispers
     6 | D:1      | Noticed a komodo dragon
   245 | D:1      | Found a faded altar of an unknown god.
   250 | D:1      | Reached XP level 2. HP: 19/19 MP: 2/2
   577 | D:1      | Reached XP level 3. HP: 18/23 MP: 3/3
   823 | D:2      | Reached ** piety under Trog
  1344 | D:2      | Noticed Jessica
  1359 | D:2      | Killed Jessica
  1360 | D:2      | Reached XP level 4. HP: 25/29 MP: 4/4
  1659 | D:3      | Slain by an iguana

Illustrated notes

Levels and vault maps discovered:
D:1:      onia_arrival_zoo_common, layout_loops_ring,
          ebering_ecumenical_altar_webs
D:2:      layout_basic, uniq_jessica
D:3:      layout_basic, serial_shops, shop, shop

Skill      XL: |  1  2  3 |
---------------+----------+-----
Armour         | 3 |  3.4
Dodging        | 2 |  2.2
Fighting       | |  3.8
Maces & Flails | |  3.4

Action                   |  1- 3 |  4- 6 || total
-------------------------+-------+-------++-------
Melee: Mace              |   102 |    18 ||   120
  Use: Scroll            |     1 |       ||     1
 Stab: Sleeping          |     1 |       ||     1
Armor: Animal skin       |    39 |     5 ||    44
Dodge: Dodged            |    62 |    13 ||    75
